Map: Curious Minds LE

Players

Trap - Winner!

  • Race: Protoss Protoss

Reynor

  • Race: Zerg Zerg

Event: TSL 8

VOD

Have the link to the VOD?

Description

Time

  • Played on: Dec. 11, 2021, 8:53 a.m.
  • Length: 9:04

All games in this series

Show
View Real Time Build Order
Export as new Build Order

Trap Protoss - Winner!

Build Orders: 1 Gate Expand 

Get SALT Encoding   

  12  0:00  Probe  
  13  0:13  Pylon  
  13  0:17  Probe (Chrono Boost)  
  14  0:26  Probe (Chrono Boost)  
  15  0:31  Probe (Chrono Boost)  
  16  0:41  Gateway  
  16  0:44  Probe  
  17  0:50  Assimilator  
  17  0:56  Probe  
  18  1:08  Probe  
  19  1:20  Probe  
  19  1:25  Nexus  
  20  1:35  Cybernetics Core  
  20  1:37  Probe  
  21  1:45  Assimilator  
  21  1:49  Probe  
  21  1:53  Pylon  
  22  2:01  Probe  
  23  2:09  Adept (Chrono Boost), Probe  
  23  2:11  Warp Gate  
  26  2:17  Probe  
  27  2:23  Twilight Council  
  27  2:29  Probe (Chrono Boost)  
  28  2:33  Stalker  
  30  2:37  Probe (Chrono Boost)  
  32  2:46  Probe x2 (Chrono Boost)  
  33  2:52  Probe  
  33  2:54  Robotics Facility  
  33  2:56  Probe  
  35  3:04  Probe  
  36  3:08  Gateway, Probe  
  36  3:10  Resonating Glaives (Chrono Boost)  
  37  3:16  Probe  
  37  3:19  Adept  
  40  3:20  Probe  
  41  3:33  Gateway  
  41  3:34  Gateway  
  41  3:37  Warp Prism (Chrono Boost)  
  43  3:46  Probe, Pylon  
  43  3:48  Probe  
  45  3:53  Pylon  
  45  4:08  Sentry  
  47  4:15  Sentry  
  46  4:21  Gateway  
  46  4:23  Gateway  
  46  4:25  Pylon  
  46  4:27  Pylon  
  46  4:30  Sentry  
  48  4:33  Zealot  
  48  4:36  Shield Battery  
  48  4:37  Shield Battery  
  50  4:52  Pylon  
  49  4:53  Pylon  
  49  4:57  Adept x2  
  47  5:00  Pylon  
  47  5:04  Probe x2  
  45  5:16  Probe x2  
  47  5:24  Adept x2  
  47  5:25  Adept  
  47  5:28  Probe (Chrono Boost)  
  54  5:32  Probe (Chrono Boost)  
  54  5:39  Probe (Chrono Boost)  
  56  5:43  Probe (Chrono Boost)  
  56  5:44  Assimilator, Probe (Chrono Boost)  
  57  5:52  Probe  
  57  5:54  Probe  
  57  5:56  Pylon  
  57  6:04  Probe  
  57  6:06  Adept x4  
  57  6:10  Probe  
  65  6:17  Probe  
  62  6:25  Gateway  
  62  6:29  Gateway  
  62  6:33  Dark Shrine  
  62  6:37  Adept x2  
  62  6:38  Adept  
  68  6:41  Adept  
  68  6:44  Probe  
  71  6:59  Probe x2  
  61  7:14  Adept x2  
  61  7:15  Adept x2  
  63  7:23  Probe x2  
  65  7:30  Adept x2  
  65  7:33  Pylon  
  65  7:34  Adept  
  65  7:35  Adept x2  
  65  7:36  Assimilator  
  75  7:43  Immortal (Chrono Boost)  
  75  7:48  Adept  
  75  7:51  Pylon  
  80  7:54  Adept  
  80  7:58  Adept  
  76  7:59  Sentry  
  76  8:04  Dark Templar  
  71  8:13  Adept x2  
  71  8:15  Zealot  
  77  8:24  Zealot  
  77  8:26  Probe x2  
Show
View Real Time Build Order
Export as new Build Order

Reynor Zerg 

Build Orders: Hatch First, Zergling Baneling 

Get SALT Encoding   

  12  0:00  Drone  
  13  0:12  Overlord  
  13  0:17  Drone  
  14  0:31  Drone x2  
  16  0:43  Drone  
  17  0:51  Hatchery  
  17  0:54  Drone  
  17  0:58  Drone  
  18  1:10  Extractor  
  17  1:14  Spawning Pool  
  17  1:16  Drone  
  17  1:21  Drone  
  18  1:28  Drone  
  19  1:39  Drone  
  20  1:50  Overlord  
  20  2:01  Queen  
  20  2:03  Drone x2, Queen  
  26  2:12  Metabolic Boost  
  26  2:13  Zergling x2  
  26  2:14  Zergling x2  
  28  2:21  Drone  
  29  2:24  Drone  
  30  2:36  Hatchery  
  29  2:41  Drone  
  29  2:42  Zergling x2  
  31  2:44  Drone  
  31  2:50  Zergling x2  
  33  2:54  Overlord  
  33  2:57  Baneling Nest  
  32  2:59  Zergling x2  
  32  3:04  Zergling x2  
  34  3:09  Zergling x4  
  36  3:16  Zergling x10  
  41  3:21  Overlord  
  41  3:26  Zergling x2  
  42  3:30  Zergling x2  
  43  3:37  Zergling x2  
  43  3:40  Zergling x2  
  45  3:42  Baneling  
  45  3:43  Baneling x5  
  45  3:46  Zergling x6  
  48  3:49  Baneling  
  48  3:53  Zergling x4  
  50  3:56  Overlord  
  50  3:59  Baneling  
  50  4:03  Zergling x2  
  50  4:04  Zergling x2  
  49  4:11  Zergling x6  
  49  4:13  Baneling  
  49  4:16  Zergling x4  
  50  4:17  Baneling  
  50  4:20  Zergling x2  
  50  4:23  Zergling x2  
  49  4:28  Baneling  
  48  4:34  Zergling x8  
  47  4:38  Baneling  
  47  4:41  Zergling x4  
  47  4:47  Baneling  
  47  4:48  Zergling x6  
  47  4:52  Zergling x2  
  50  4:58  Zergling x6  
  50  5:00  Zergling x2  
  50  5:03  Drone  
  50  5:05  Drone  
  51  5:09  Drone  
  51  5:10  Baneling x2  
  49  5:14  Drone  
  49  5:16  Drone  
  49  5:17  Drone  
  49  5:20  Drone  
  51  5:23  Drone  
  51  5:25  Drone  
  51  5:27  Drone  
  53  5:29  Drone  
  53  5:32  Drone  
  56  5:35  Drone  
  56  5:43  Queen  
  56  5:45  Zergling x4  
  56  5:46  Zergling x2  
  61  5:51  Drone  
  61  5:52  Drone  
  61  5:53  Zergling x4  
  65  6:02  Drone  
  61  6:05  Drone x4  
  61  6:09  Extractor, Roach Warren  
  61  6:11  Overlord  
  62  6:16  Drone x3  
  63  6:22  Baneling x5  
  63  6:26  Queen  
  63  6:32  Drone x3  
  68  6:36  Baneling x3  
  68  6:38  Zergling x6  
  71  6:40  Zergling x2  
  71  6:43  Overlord  
  71  6:44  Baneling  
  70  6:57  Roach  
  70  6:58  Roach x2  
  70  7:00  Overlord  
  73  7:05  Roach  
  73  7:06  Zergling x4  
  73  7:13  Roach x2  
  73  7:14  Zergling x4  
  79  7:18  Roach  
  71  7:30  Drone x4  
  71  7:33  Drone  
  73  7:40  Drone  
  73  7:41  Drone  
  67  7:46  Drone x2  
  67  7:50  Drone  
  62  7:53  Spore Crawler  
  62  7:54  Drone  
  58  8:00  Drone x2  
  50  8:05  Drone  
  50  8:06  Drone  
  50  8:09  Roach  
  51  8:13  Roach  
  51  8:18  Zergling x2, Roach  
  46  8:23  Zergling x2  
Tags
 
Add a new tag
Caveats
  • Supply blocks, unpowered buildings, or Contaminate may cause inaccurate times.
  • Supply counts are checked every 10 seconds.